 Dungeon Crawl Stone Soup version 0.20-a0-959-gdc9e609 (webtiles) character file.

108 4thArraOfDagon the Slasher (level 4, 0/35 HPs)
             Began as a Mummy Fighter on Apr 6, 2017.
             Slain by a worker ant (4 damage)
             ... on level 6 of the Dungeon.
             The game lasted 00:03:39 (920 turns).

4thArraOfDagon the Slasher (Mummy Fighter)           Turns: 920, Time: 00:03:39

Health: 0/35       AC:  6    Str: 19    XL:     4   Next: 58%
Magic:  4/4        EV:  7    Int:  8    God:
Gold:   75         SH:  8    Dex: 11    Spells: 3/3 levels left

rFire    x . .     SeeInvis .   a - +1 long sword
rCold    + . .     Gourm    .   c - +0 shield
rNeg     + + +     Faith    .   b - +0 scale mail
rPois    ∞         Spirit   .   (no helmet)
rElec    .         Reflect  .   (no cloak)
rCorr    .         Harm     .   (no gloves)
MR       .....                  (no boots)
Stlth    ..........             (no amulet)
Regen    0.2/turn               (no ring)
MPRegen  0.1/turn               (no ring)

@: no status effects
A: no food or potions, fire vulnerability, cold resistance 1, negative energy
resistance 3, torment resistance, unbreathing
a: no special abilities


You were on level 6 of the Dungeon.
You were not hungry.

You visited 1 branch of the dungeon, and saw 6 of its levels.

You collected 75 gold pieces.

Inventory:

Hand Weapons
 a - a +1 long sword (weapon)
Missiles
 g - 7 javelins (quivered)
Armour
 b - a +0 scale mail (worn)
 c - a +0 shield (worn)
Scrolls
 e - 2 scrolls of enchant weapon
 i - a scroll of enchant armour
 j - a scroll of noise


   Skills:
 - Level 3.0 Fighting
 * Level 3.3 Long Blades
 + Level 3.3 Armour
 - Level 2.4 Shields


You had 3 spell levels left.
You didn't know any spells.

Dungeon Overview and Level Annotations

Branches:
Dungeon (6/15)
 Temple: D:4-7

Altars:

Annotations:
D:2 Terence
D:3 Sigmund
D:5 Koga's ghost, amateur GrFi


Innate Abilities, Weirdness & Mutations

You do not eat or drink.
Your flesh is vulnerable to fire.
You are immune to poison.
Your flesh is cold resistant. (rC+)
You are immune to negative energy. (rN+++)
You are immune to unholy pain and torment.
You can survive without breathing.


Message History

You feel blessed for a moment.
It was a scroll of remove curse.
The worker ant barely misses you.
As you read the scroll labeled ISUTRE OHYW, it crumbles to dust.
It is a scroll of enchant weapon.
Your +0 long sword glows red for a moment.
You block the worker ant's attack.
You hit the worker ant but do no damage.
The worker ant is lightly wounded.
You block the worker ant's attack. The worker ant bites you.
* * * LOW HITPOINT WARNING * * *
Unknown command.
Unknown command.
You hit the worker ant but do no damage.
The worker ant is lightly wounded.
You block the worker ant's attack.
The worker ant bites you but does no damage.
You closely miss the worker ant.
The worker ant is lightly wounded.
The worker ant bites you.
You die...

#...#
#...#
#...#
##...#
....#
#.#.#
#<#.######
#a#.......
#.@...#
#####.#


You could see a worker ant.

Vanquished Creatures
  A hound (D:4)
  Jessica (D:2)
  A hound skeleton (D:4)
  A worm (D:3)
  2 leopard geckos
  4 bats
  A giant cockroach (D:2)
  7 hobgoblins
  4 jackals (D:4)
  A kobold (D:2)
  2 quokkas (D:2)
  2 ball pythons (D:2)
  2 frilled lizards
  2 goblins
  4 rats
35 creatures vanquished.

Notes
Turn   | Place    | Note
-------+----------+-------------------------------------------
     0 | D:1      | 4thArraOfDagon the Mummy Fighter began the quest for the Orb.
     0 | D:1      | Reached XP level 1. HP: 18/18 MP: 1/1
   103 | D:2      | Reached XP level 2. HP: 22/24 MP: 2/2
   264 | D:2      | Noticed Jessica
   277 | D:2      | Killed Jessica
   277 | D:2      | Reached XP level 3. HP: 29/29 MP: 3/3
   353 | D:2      | Noticed Terence
   481 | D:3      | Noticed Sigmund
   665 | D:4      | Reached XP level 4. HP: 32/35 MP: 4/4
   773 | D:5      | Entered Level 5 of the Dungeon
   890 | D:5      | Noticed Koga's ghost (amateur GrFi)
   920 | D:6      | Slain by a worker ant

Vault maps used:
D:1:      onia_arrival_pyramid
D:2:      cheibrodos_helix_gallery, yredelemnul_forgotten_temple_becter,
          uniq_jessica, uniq_terence
D:3:      first_bread, minivault_14, minmay_distorted, uniq_sigmund
D:4:      kennysheep_goblin_castle
D:5:      minmay_guarded_unrand_vampires_tooth
D:6:      black_bear_nest_2, nicolae_overflow_crystal_walls, uniq_eustachio

Skill      XL: |  1  2  3 |
---------------+----------+-----
Long Blades    | 2 3 |  3.3
Armour         | 3 |  3.3
Fighting       | |  3.0
Shields        | |  2.4

Action                   |  1- 3 |  4- 6 || total
-------------------------+-------+-------++-------
Melee: Long sword        |    92 |    36 ||   128
  Use: Scroll            |       |     6 ||     6
Armor: Scale mail        |    65 |    22 ||    87
Dodge: Dodged            |    44 |    16 ||    60
Block: Shield            |    52 |    21 ||    73
       Rpst.: Long sword |    19 |     3 ||    22
